 Dungeon Crawl Stone Soup version 0.17.1-3-g152610e (console) character file.

5632 Sehdowjr the Thaumaturge (level 10, -2/50 HPs)
             Began as a Deep Elf Conjurer on Feb 18, 2016.
             Was a Follower of Vehumet.
             Slain by an orc
             ... wielding a +0 short sword
              (6 damage)
             ... on level 10 of the Dungeon on Mar 2, 2016.
             The game lasted 02:07:56 (12427 turns).

Sehdowjr the Thaumaturge (Deep Elf Conjurer)       Turns: 12427, Time: 02:07:56

Health: -2/50      AC:  5    Str:  5    XL:     10   Next: 46%
Magic:  8/28       EV: 13    Int: 24    God:    Vehumet [*.....]
Gold:   565        SH:  0    Dex: 20    Spells: 4 memorised, 19 levels left

rFire  . . .     SeeInvis +     (no weapon)
rCold  . . .     Clarity  .     l - +2 robe {Archmagi}
rNeg   . . .     SustAt   .     (no shield)
rPois  .         Gourm    .     (no helmet)
rElec  .         Spirit   .     F - +0 cloak
rCorr  .         Warding  .     (no gloves)
rMut   +         Stasis   .     (no boots)
MR     +....                    E - amulet of resist mutation
Stlth  ++........               B - +5 ring of dexterity
                                m - ring of see invisible

@: somewhat resistant to hostile enchantments, unstealthy
A: no striking features
a: Renounce Religion


You were on level 10 of the Dungeon.
You worshipped Vehumet.
Vehumet was aware of your devotion.
You were hungry.

You visited 2 branches of the dungeon, and saw 11 of its levels.

You collected 565 gold pieces.

Inventory:

Armour
 g - the +1 leather armour "Osolamn" {rElec Regen+ SInv}
   (You found it on level 5 of the Dungeon)

   It insulates you from electricity.
   It lets you see invisible.
   It increases your rate of regeneration.
 l - a +2 robe of the Archmagi (worn)
 F - a +0 cloak (worn)
Jewellery
 m - a ring of see invisible (left hand)
 s - an uncursed ring of protection from magic
 z - an uncursed ring of protection from fire
 B - a +5 ring of dexterity (right hand)
 E - an amulet of resist mutation (around neck)
 M - the ring of Shaolin {EV+8}
   (You found it on level 9 of the Dungeon)

   [ring of evasion]

   It affects your evasion (+8).
Wands
 k - a wand of magic darts (42)
 q - a wand of enslavement (6)
 u - a wand of slowing (21)
 H - a wand of cold (6)
Scrolls
 d - a scroll of enchant armour
 f - 9 scrolls of identify
 i - 2 scrolls of random uselessness {unknown}
 j - a scroll of fog
 n - 4 scrolls of remove curse
 w - 2 scrolls of amnesia {unknown}
 x - a scroll of immolation
 y - a scroll of blinking
 I - a scroll of recharging
 J - a scroll of teleportation
Potions
 e - 4 potions of curing {unknown}
 h - 2 potions of lignification
 o - 4 potions of poison {unknown}
 p - 2 potions of brilliance {unknown}
 r - a potion of flight {unknown}
 A - a potion of magic {unknown}
 C - a potion of mutation {unknown}
 D - a potion of agility {unknown}
Books
 b - a book of Conjurations

   Spells                             Type                      Level
   a - Magic Dart                     Conjuration                  1
   b - Searing Ray                    Conjuration                  2
   c - Dazzling Spray                 Conjuration/Hexes            3
   d - Fulminant Prism                Conjuration/Hexes            4
   e - Iskenderun's Mystic Blast      Conjuration                  4
   f - Iskenderun's Battlesphere      Conjuration/Charms           5
 v - a book of Party Tricks

   Spells                             Type                      Level
   a - Summon Butterflies             Summoning                    1
   b - Apportation                    Translocation                1
   c - Tukima's Dance                 Hexes                        3
   d - Alistair's Intoxication        Transmutation/Poison         4
   e - Invisibility                   Hexes                        6
 K - a book of Flames

   Spells                             Type                      Level
   a - Flame Tongue                   Conjuration/Fire             1
   b - Throw Flame                    Conjuration/Fire             2
   c - Conjure Flame                  Conjuration/Fire             3
   d - Inner Flame                    Hexes/Fire                   3
   e - Sticky Flame                   Conjuration/Fire             4
   f - Fireball                       Conjuration/Fire             5
 N - a book of Callings

   Spells                             Type                      Level
   a - Summon Small Mammal            Summoning                    1
   b - Call Imp                       Summoning                    2
   c - Call Canine Familiar           Summoning                    3
   d - Summon Guardian Golem          Hexes/Summoning              3
   e - Summon Lightning Spire         Summoning/Air                4
   f - Summon Ice Beast               Ice/Summoning                4
Comestibles
 a - 8 royal jellies
 c - 5 bread rations
 t - 10 fruits
 G - a beef jerky
 L - a slice of pizza


   Skills:
 - Level 2.4 Dodging
 - Level 2.4 Stealth
 + Level 12.8 Spellcasting
 + Level 11.5 Conjurations
 - Level 8.8 Charms
 + Level 3.6 Fire Magic


You had 19 spell levels left.
You knew the following spells:

 Your Spells              Type           Power        Failure   Level  Hunger
a - Magic Dart            Conj           ####         1%          1    None
f - Fireball              Conj/Fire      ######....   6%          5    ###....
p - Iskenderun's Battles  Conj/Chrm      #######.     1%          5    ###....
x - Iskenderun's Mystic   Conj           #######.     1%          4    None


Dungeon Overview and Level Annotations

Branches:
Dungeon (10/15)            Temple (1/1) D:6             Orc (0/4) D:9
   Lair: D:8-11

Altars:
Ashenzari
Cheibriados
Dithmenos
Elyvilon
Fedhas
Gozag
Kikubaaqudgha
Makhleb
Nemelex Xobeh
Okawaru
Qazlal
Ru
Sif Muna
Trog
Vehumet
Xom
Yredelemnul
Zin
The Shining One
Beogh

Shops:
D:4 ::(:%   D:9 [(


Message History

The centaur skeleton hits you but does no damage.
The orc hits you with a club. The orc hits you with a short sword.
* * * LOW HITPOINT WARNING * * *
Casting: Iskenderun's Battlesphere
Confirm with . or Enter, or press ? or * to list all spells.
Aiming: Magic Dart
Press: ? - help, Shift-Dir - straight line, f - orc
Aim: an orc, wielding a club and wearing a ring mail (magical condensation, heavily wounded)
You feel a surge of power!
The magic dart hits the orc.
The orc is severely wounded.
Your battlesphere fires!
The barrage of energy hits the centaur skeleton.
The centaur skeleton barely misses you.
The orc priest mumbles some strange prayers to Beogh against you.
Something smites you!
* * * LOW HITPOINT WARNING * * *
The orc hits you with a club.
* * * LOW HITPOINT WARNING * * *
The orc hits you with a short sword.
You die...

#...#####
.......
......
.....
..*# ..#
#Z#####.#
#@o..[)..
#o..>...#
#.#######
.o# ..#
...# ..##
...


You could see an orc priest, 2 orcs and a centaur skeleton.

Vanquished Creatures
  2 trolls (D:9)
  A two-headed ogre (D:8)
  A deep elf mage (D:9)
  Sigmund (D:2)
  A wyvern (D:9)
  A wraith (D:9)
  5 yaks (D:9)
  A hungry ghost (D:4)
  A swamp worm (D:8)
  2 soldier ants (D:8)
  A water moccasin (D:7)
  2 ice beasts
  2 orc warriors
  A phantom (D:9)
  A sky beast (D:7)
  A black bear (D:9)
  A centaur (D:6)
  2 ogres
  A brain worm (D:8)
  Blork the orc (D:5)
  7 giant frogs
  A water moccasin zombie (D:7)
  A scorpion (D:6)
  3 killer bees (D:8)
  4 wights (D:6)
  4 crimson imps
  A jelly (D:9)
  A quasit (D:8)
  A centaur zombie (D:6)
  2 giant frog zombies
  4 orc priests
  4 hounds
  A centaur skeleton (D:4)
  Jessica (D:2)
  6 orc wizards
  Natasha (thrice) (D:3)
  6 worker ants
  A hound zombie (D:8)
  A hound skeleton (D:9)
  A mummy (D:6)
  Robin (D:2)
  6 adders
  A shadow imp (D:9)
  2 oozes (D:1)
  An adder zombie (D:6)
  2 adder skeletons (D:6)
  5 worms
  8 giant geckos
  55 orcs
  5 ball pythons
  9 giant cockroaches
  5 hobgoblins
  11 jackals
  3 quokkas
  6 bats
  A giant gecko zombie (D:5)
  2 giant newts
  13 goblins
  8 kobolds
  A quokka skeleton (D:5)
  2 rats (D:1)
229 creatures vanquished.

Vanquished Creatures (others)
  4 plants (D:8)
4 creatures vanquished.

Grand Total: 233 creatures vanquished

Notes
Turn   | Place    | Note
--------------------------------------------------------------
     0 | D:1      | Sehdowjr the Deep Elf Conjurer began the quest for the Orb.
     0 | D:1      | Reached XP level 1. HP: 10/10 MP: 6/6
   292 | D:1      | Reached XP level 2. HP: 15/15 MP: 5/8
   658 | D:1      | Reached XP level 3. HP: 19/19 MP: 3/10
   707 | D:1      | Reached skill level 5 in Conjurations
  1237 | D:2      | Noticed Jessica
  1247 | D:2      | Killed Jessica
  1247 | D:2      | Reached XP level 4. HP: 13/24 MP: 6/12
  1482 | D:2      | Noticed Sigmund
  1491 | D:2      | Killed Sigmund
  1491 | D:2      | Reached skill level 6 in Spellcasting
  1491 | D:2      | Reached XP level 5. HP: 23/28 MP: 4/15
  1628 | D:2      | Noticed Robin
  1689 | D:2      | Found a basalt altar of Yredelemnul.
  1746 | D:2      | Killed Robin
  2213 | D:3      | Noticed Natasha
  2221 | D:3      | Killed Natasha
  2221 | D:3      | Reached XP level 6. HP: 32/32 MP: 7/17
  2789 | D:3      | Noticed Natasha
  2793 | D:3      | Killed Natasha
  2981 | D:3      | Noticed Natasha
  2983 | D:3      | Killed Natasha
  3206 | D:4      | Learned a level 4 spell: Iskenderun's Mystic Blast
  3212 | D:4      | Learned a level 5 spell: Iskenderun's Battlesphere
  3232 | D:4      | Found Wathaig's Food Shoppe.
  3232 | D:4      | Noticed a hungry ghost
  3238 | D:4      | Killed a hungry ghost
  3238 | D:4      | Reached skill level 7 in Spellcasting
  3238 | D:4      | Reached skill level 1 in Charms
  3637 | D:4      | Found Perisusch's Book Shoppe.
  3709 | D:4      | Reached XP level 7. HP: 30/36 MP: 1/19
  4103 | D:4      | Found Oskeila's Antique Weapon Shop.
  4259 | D:4      | Found Subir's Book Shop.
  4364 | D:4      | Found Vyss's Book Emporium.
  4809 | D:5      | Entered Level 5 of the Dungeon
  4905 | D:5      | Reached skill level 8 in Spellcasting
  5074 | D:5      | Found a sparkling altar of Nemelex Xobeh.
  5075 | D:5      | Noticed Blork the orc
  5082 | D:5      | Killed Blork the orc
  5191 | D:5      | Got an ancient leather armour
  5192 | D:5      | Identified the +1 leather armour "Osolamn" {rElec Regen+ SInv} (You found it on level 5 of the Dungeon)
  5596 | D:6      | Reached skill level 5 in Charms
  5596 | D:6      | Reached XP level 8. HP: 41/41 MP: 5/22
  5775 | D:6      | Found a staircase to the Ecumenical Temple.
  6161 | D:6      | Reached skill level 9 in Spellcasting
  7151 | D:7      | Found a shimmering altar of Xom.
  7152 | D:7      | Found a blossoming altar of Fedhas.
  7152 | D:7      | Found a sparkling altar of Nemelex Xobeh.
  7222 | Temple   | Entered the Ecumenical Temple
  7322 | Temple   | Became a worshipper of Vehumet
  7446 | D:7      | Found a bloodstained altar of Trog.
  7455 | D:7      | Reached XP level 9. HP: 45/45 MP: 18/24
  8703 | D:8      | Reached skill level 10 in Spellcasting
  9262 | D:8      | Found a sacrificial altar of Ru.
  9274 | D:8      | Reached skill level 10 in Conjurations
  9589 | D:8      | Reached skill level 11 in Spellcasting
 10693 | D:9      | Found Feraf's Armour Boutique.
 10693 | D:9      | Found a staircase to the Orcish Mines.
 10700 | D:9      | Found Aleigi's Weapon Boutique.
 10808 | D:9      | Found an iron altar of Okawaru.
 10829 | D:9      | Reached skill level 12 in Spellcasting
 10855 | D:9      | Reached * piety under Vehumet
 10855 | D:9      | Offered knowledge of Sandblast by Vehumet.
 11204 | D:9      | Found a roughly hewn altar of Beogh.
 11252 | D:9      | Learned a level 5 spell: Fireball
 11269 | D:9      | Found a burning altar of Makhleb.
 11274 | D:9      | Reached XP level 10. HP: 50/50 MP: 20/28
 11307 | D:9      | Reached skill level 1 in Fire Magic
 12417 | D:10     | Entered Level 10 of the Dungeon
 12427 | D:10     | Slain by an orc

Action                   |  1- 3 |  4- 6 |  7- 9 | 10-12 || total
-------------------------+-------+-------+-------+-------++-------
Melee: Unarmed           |     4 |    17 |       |     1 ||    22
 Cast: Magic Dart        |    55 |   139 |   383 |    43 ||   620
       Iskenderun's Myst |       |     4 |    20 |     5 ||    29
       Iskenderun's Batt |       |       |    24 |    11 ||    35
Evoke: Wand              |       |     2 |       |       ||     2
  Use: Potion            |       |     2 |     2 |       ||     4
       Scroll            |       |       |    12 |       ||    12
  Eat: Chunk             |     1 |     3 |    14 |     4 ||    22
       Meat ration       |       |     1 |       |       ||     1
       Bread ration      |       |       |     2 |       ||     2
       Pizza             |       |       |     1 |       ||     1
       Royal jelly       |       |       |     1 |       ||     1
